 Dungeon Crawl Stone Soup version 0.31-a0-232-gb1c03b2570 (webtiles) character file.

Game seed: 16277310090433775843

109 qw the Shooter (level 4, -8/36 HPs)
             Began as a Minotaur Hexslinger on July 7, 2023.
             Mangled by a wyvern (12 damage)
             ... on level 3 of the Dungeon.
             The game lasted 00:00:49 (1922 turns).

qw the Shooter (Minotaur Hexslinger)                Turns: 1922, Time: 00:00:50

Health: -8/36      AC:  7    Str: 13    XL:     4   Next: 59%
Magic:  4/4        EV: 11    Int: 10    God:
Gold:   176        SH:  0    Dex: 14    Spells: 4/5 levels left

rFire   . . .        Y - +2 sling
rCold   . . .        (no shield)
rNeg    . . .        d - +0 ring mail
rPois   +            (helmet restricted)
rElec   .            b - +1 cloak
rCorr   .            (no gloves)
SInv    .            (no boots)
Will    .....        e - amulet of the acrobat
Stlth   +            k - ring of poison resistance
HPRegen 0.26/turn    (no ring)
MPRegen 0.09/turn

%: acrobat
@: about to teleport, attractive
A: horns 2, retaliatory headbutt
a: no special abilities


You were on level 3 of the Dungeon.
You visited 1 branch of the dungeon, and saw 4 of its levels.

You collected 176 gold pieces.


Innate Abilities, Weirdness & Mutations

You have a pair of horns on your head.
You reflexively headbutt those who attack you in melee.


   Skills:
 + Level 2.0 Fighting
 - Level 5.0 Ranged Weapons
 - Level 1.0 Armour
 - Level 2.1 Dodging
 - Level 1.0 Spellcasting
 - Level 2.0 Hexes


You had 4 spell levels left.
You knew the following spells:

 Your Spells              Type           Power      Damage    Failure   Level
a - Slow                  Hex            16%        N/A       32%         1

Your spell library contained the following spells:

 Spells                   Type           Power      Damage    Failure   Level
 Inner Flame              Hex/Fire       2%         N/A       82%         3
 Portal Projectile        Hex/Tloc       4%         N/A       82%         3
 Cause Fear               Hex            2%         N/A       97%         4

Inventory:

Hand Weapons
 Y - a +2 sling (weapon)
Armour
 b - a +1 cloak (worn)
 d - a +0 ring mail (worn)
Jewellery
 e - an amulet of the acrobat (around neck)
 k - a ring of poison resistance (left hand)
Wands
 c - a wand of digging (3)
Scrolls
 a - a scroll of identify
 i - 4 scrolls of teleportation
Potions
 f - a potion of degeneration {unknown}
 g - a potion of cancellation {unknown}
 h - a potion of resistance {unknown}
 m - a potion of curing {unknown}

Dungeon Overview and Level Annotations

Branches:
Dungeon (4/15)
 Temple: D:4-7

Altars:
Fedhas

Shops:
D:1 [

Annotations:
D:3 1 runed translucent door, Crazy Yiuf


Message History

You hear the sound of rushing water.
There is an entrance to a sewer on this level.
Hurry and find it before the portal rusts away!
The wyvern hisses angrily.
The wyvern is attracted toward you.
Found a stone staircase leading up.
There is a stone staircase leading up here.
A wyvern is nearby!
Waypoint 3 assigned to D:4.
1917 ||| PLANNING SEWER You shoot a sling bullet.
The sling bullet completely misses the wyvern.
The wyvern bites you but does no damage.
You shoot a sling bullet.
The sling bullet hits the wyvern but does no damage.
The wyvern bites you! The wyvern barely misses you.
1919 ||| STAIRDANCE The wyvern bites you!
The wyvern barely misses you.
You climb upwards.
Level annotation: 1 runed translucent door, Crazy Yiuf
There is a stone staircase leading down here.
Enter note:
Enter note:
Enter note:
Enter note:
Enter note:
Enter note:
Enter note:
Enter note:
Enter note:
Enter note:
Enter note:
Enter note: You shoot a sling bullet.
The sling bullet barely misses the wyvern.
The wyvern bites you! The wyvern misses you.
1922 ||| READING 5 scrolls of teleportation.
As you read the scroll of teleportation, it crumbles to dust.
You feel strangely unstable. The wyvern bites you!
You die...

..........#.....#.....##
......)).#.............##
.....P.P......).........#
.##..._.......%.........#
.##..P.P................#
###.....................#
....#####...............#
....#####......l.......##
..........:.....@.....##
....##.########.#######
.......########.#
##..............#
.....#.....######
###..#.###.# # #....# #.#
# #...####.## # #...#
#...## ######


You could see a wyvern.

Vanquished Creatures
  3 adders (D:2)
  2 worms (D:2)
  4 dart slugs
  3 orcs (D:3)
  8 endoplasms
  5 giant cockroaches
  9 hobgoblins
  A quokka (D:3)
  6 ball pythons
  5 bats
  4 frilled lizards
  4 goblins
  3 kobolds
  6 rats
63 creatures vanquished.

Notes
Turn   | Place    | Note
-------+----------+-------------------------------------------
     0 | D:1      | qw the Minotaur Hexslinger began the quest for the Orb.
     0 | D:1      | Reached XP level 1. HP: 16/16 MP: 1/1
     0 | D:1      | 0 ||| qw: Version: 0.3-a-46-gb1f654a
     0 | D:1      | 0 ||| qw: Game counter: 2451
     0 | D:1      | 0 ||| qw: Melee chars always use a shield: true
     0 | D:1      | 0 ||| qw: God list: Okawaru
     0 | D:1      | 0 ||| qw: Allow faded altars: false
     0 | D:1      | 0 ||| qw: Do Orc after clearing Dungeon:15 true
     0 | D:1      | 0 ||| qw: Do second Lair branch before Depths: true
     0 | D:1      | 0 ||| qw: Lair rune preference: random
     0 | D:1      | 0 ||| qw: Goals: Normal
     0 | D:1      | 0 ||| PLANNING D:1-11
    13 | D:1      | Found Rierem's Antique Armour Shoppe.
    87 | D:1      | Reached skill level 3 in Ranged Weapons
    89 | D:1      | Reached XP level 2. HP: 23/23 MP: 2/2
   614 | D:1      | 614 ||| UPGRADING to +0 ring mail.
   624 | D:1      | 624 ||| DROPPING +0 robe.
   625 | D:1      | 625 ||| READING scroll labelled SIPSASOCUDD.
   629 | D:1      | 629 ||| DROPPING scroll of poison.
   691 | D:2      | Reached XP level 3. HP: 29/29 MP: 3/3
   884 | D:2      | Reached skill level 4 in Ranged Weapons
   998 | D:2      | 998 ||| FLEEEEING.
  1022 | D:2      | Reached skill level 1 in Armour
  1035 | D:2      | Reached XP level 4. HP: 21/36 MP: 4/4
  1293 | D:2      | 1293 ||| UPGRADING to +1 cloak.
  1298 | D:2      | 1298 ||| UPGRADING to amulet of the acrobat.
  1303 | D:2      | 1303 ||| READING 2 scrolls labelled HULILE HAFOTSY.
  1304 | D:2      | 1304 ||| READING scroll labelled UVVAIG YWEAMUS.
  1564 | D:3      | Found a blossoming altar of Fedhas.
  1597 | D:3      | Reached skill level 5 in Ranged Weapons
  1752 | D:3      | Found a runed translucent door.
  1753 | D:3      | Noticed Crazy Yiuf
  1891 | D:3      | 1891 ||| UPGRADING to ring of poison resistance.
  1892 | D:3      | 1892 ||| READING scroll labelled KAOTABR HYNIA.
  1893 | D:3      | 1893 ||| DRINKING 2 fizzy silvery potions.
  1894 | D:3      | 1894 ||| DROPPING potion of attraction.
  1916 | D:4      | Noticed a wyvern
  1917 | D:4      | 1917 ||| PLANNING SEWER
  1919 | D:4      | 1919 ||| STAIRDANCE
  1921 | D:3      | HP: 4/36 [wyvern (13)]
  1922 | D:3      | 1922 ||| READING 5 scrolls of teleportation.
  1922 | D:3      | Mangled by a wyvern

Levels and vault maps discovered:
D:1:      mrwooster_arrival_arrow, layout_loops_ring, serial_shops,
          nicolae_shop_waterfront, skrybe_limestone_x, minmay_misc_feat_roman,
          grunt_decor_mini_mirrors, chequers_avenue, st_stairs_2
D:2:      layout_rooms, minmay_misc_feat_alley, minmay_split_cup_large
D:3:      layout_rooms, fedhas_altar_1, uniq_crazy_yiuf_cottage
D:4:      layout_loops_corners, nicolae_vehumet_altar_sigil,
          gammafunk_temple_overflow_claw, portal_sewer_entry_a, serial_shops,
          nicolae_shop_back_alley_shop, kennysheep_generic_room_16

Skill      XL: |  1  2  3  4 |
---------------+-------------+-----
Ranged Weapons | 3 4 5 |  5.0
Fighting       | 2 |  2.0
Armour         | 1 |  1.0
Dodging        | |  2.1
Spellcasting   | |  1.0
Hexes          | |  2.0

Action                     |  1- 3 |  4- 6 || total
---------------------------+-------+-------++-------
   Fire: Sling             |   102 |    76 ||   178
    Use: Scroll            |     1 |     4 ||     5
         Potion            |       |     1 ||     1
 Armour: Robe              |     2 |       ||     2
         Ring mail         |     9 |    17 ||    26
  Dodge: Dodged            |    32 |    32 ||    64

Table legend:
 A = Non-vault XP
 B = Vault XP
 C = Vault XP percentage of total XP
 D = Non-vault monster count
 E = Vault monster count
 F = Vault count percentage of total count
                 A         B        C        D         E       F
            +---------+---------+-------+---------+---------+-------
      Total |     134 |      22 |  14.1 |      57 |       6 |   9.5
            +---------+---------+-------+---------+---------+-------
        D:1 |      33 |       4 |  10.8 |      21 |       2 |   8.7
        D:2 |      70 |      18 |  20.5 |      23 |       4 |  14.8
        D:3 |      31 |       0 |   0.0 |      13 |       0 |   0.0
            +---------+---------+-------+---------+---------+-------
